[Event "XIX Najdorf Memorial 2019"]
[Site "Warsaw"]
[Date "2019.07.08"]
[Round "3.26"]
[White "Chomczyk, Marek"]
[Black "Panek, Bartosz"]
[Result "1-0"]
[ECO "A00"]
[WhiteElo "2270"]
[BlackElo "2041"]
[Annotator "NA"]
[PlyCount "101"]
[EventDate "2019.07.06"]
[EventType "swiss"]
[EventCountry "POL"]
[SourceTitle "playchess.com"]
[Source "ChessBase"]
[SourceQuality "1"]
[TimeControl "40/5400+30:1800+30"]

1. a3 Nf6 2. Nf3 g6 3. d4 Bg7 4. c4 O-O 5. Nc3 d5 6. Bf4 c6 7. e3 Bf5 8. Be2 Nbd7 9. h3 Nb6 10. c5 Nbd7 11. O-O Re8 12. Nh4 e5 13. Nxf5 gxf5 14. Bh2 e4 15. b4 Nf8 16. b5 Ne6 17. bxc6 bxc6 18. Qa4 Qd7 19. Rab1 Kh8 20. Ba6 Ng8 21. Rb7 Qd8 22. Qxc6 Ne7 23. Qb5 f4 24. Rd7 Qb8 25. Qxb8 Raxb8 26. Nxd5 Nxd5 27. Rxd5 Rb3 28. Bxf4 Nxf4 29. exf4 Rxa3 30. Bb7 Rc3 31. c6 Bf6 32. Rd7 Re7 33. Rxe7 Bxe7 34. Ra1 Bd6 35. g3 e3 36. fxe3 Rxe3 37. Ra5 Rxg3+ 38. Kf2 Rc3 39. Ke2 Kg7 40. Rxa7 Bxf4 41. d5 Re3+ 42. Kf1 Rf3+ 43. Ke2 Re3+ 44. Kf2 Rxh3 45. Ra4 Bc7 46. Ra8 Rc3 47. Rc8 Bg3+ 48. Ke2 h5 49. Rd8 h4 50. d6 h3 51. c7 1-0

[Event "XIX Najdorf Memorial 2019"]
[Site "Warsaw"]
[Date "2019.07.08"]
[Round "3.27"]
[White "Bus, Konrad"]
[Black "Sliwerski, Radoslaw"]
[Result "1/2-1/2"]
[ECO "E04"]
[WhiteElo "2264"]
[BlackElo "2010"]
[Annotator "NA"]
[PlyCount "65"]
[EventDate "2019.07.06"]
[EventType "swiss"]
[EventCountry "POL"]
[SourceTitle "playchess.com"]
[Source "ChessBase"]
[SourceQuality "1"]
[TimeControl "40/5400+30:1800+30"]

1. d4 Nf6 2. c4 e6 3. g3 d5 4. Bg2 dxc4 5. Nf3 Nc6 6. Qa4 Bb4+ 7. Bd2 Nd5 8. Bxb4 Ndxb4 9. O-O Rb8 10. Na3 O-O 11. Qb5 b6 12. Qxc4 Ba6 13. Nb5 Qd5 14. Qxd5 Nxd5 15. a4 Rbd8 16. Rac1 Na5 17. e4 c6 18. exd5 cxb5 19. dxe6 fxe6 20. axb5 Bxb5 21. Rfe1 Nb3 22. Rc7 Nxd4 23. Nxd4 Rxd4 24. Bh3 e5 25. Rxa7 Rd2 26. Rb7 Bc4 27. Rc1 b5 28. b3 Bxb3 29. Rxb5 Ba2 30. Rxe5 Rdxf2 31. Rf1 Rxf1+ 32. Bxf1 g6 33. Rd5 1/2-1/2

[Event "XIX Najdorf Memorial 2019"]
[Site "Warsaw"]
[Date "2019.07.08"]
[Round "3.28"]
[White "Franco Alonso, Alejandro"]
[Black "Dzida, Kamil"]
[Result "0-1"]
[ECO "A14"]
[WhiteElo "2410"]
[BlackElo "1987"]
[Annotator "NA"]
[PlyCount "80"]
[EventDate "2019.07.06"]
[EventType "swiss"]
[EventCountry "POL"]
[SourceTitle "playchess.com"]
[Source "ChessBase"]
[SourceQuality "1"]
[TimeControl "40/5400+30:1800+30"]

1. Nf3 Nf6 2. c4 e6 3. g3 d5 4. Bg2 Be7 5. O-O O-O 6. d4 dxc4 7. Qc2 a6 8. a4 Bd7 9. Qxc4 Bc6 10. Nc3 a5 11. Bg5 Na6 12. Rfd1 Nb4 13. Rac1 Rc8 14. Bxf6 Bxf6 15. e4 Qe8 16. b3 b6 17. Qe2 Bb7 18. Qe1 Qd7 19. Bh3 Qe7 20. d5 Bxc3 21. Rxc3 Rcd8 22. dxe6 Rxd1 23. Qxd1 fxe6 24. Qd4 c5 25. Qe5 Qd8 26. Bxe6+ Kh8 27. Ng5 Ba6 28. Bd5 Nc6 29. Qxg7+ Kxg7 30. Ne6+ Kf6 31. Nxd8 Nxd8 32. f4 Ne6 33. Kf2 Rd8 34. Ke3 Nc7 35. Bc4 Bb7 36. g4 Rd4 37. Bd3 Na6 38. e5+ Ke6 39. Bxh7 Nb4 40. Rc4 Nd5+ {[%emt 0:00:00] Kxd4 Kxe5+} 0-1

[Event "XIX Najdorf Memorial 2019"]
[Site "Warsaw"]
[Date "2019.07.08"]
[Round "3.29"]
[White "Maj, Pawel"]
[Black "Krstulovic, Alex"]
[Result "1-0"]
[ECO "C99"]
[WhiteElo "2127"]
[BlackElo "2360"]
[Annotator "NA"]
[PlyCount "124"]
[EventDate "2019.07.06"]
[EventType "swiss"]
[EventCountry "POL"]
[SourceTitle "playchess.com"]
[Source "ChessBase"]
[SourceQuality "1"]
[TimeControl "40/5400+30:1800+30"]

1. e4 e5 2. Nf3 Nc6 3. Bb5 a6 4. Ba4 Nf6 5. O-O Be7 6. Re1 b5 7. Bb3 d6 8. c3 O-O 9. h3 Na5 10. Bc2 c5 11. d4 Qc7 12. Nbd2 cxd4 13. cxd4 Nc6 14. a3 Nxd4 15. Nxd4 exd4 16. Nf3 d3 17. Bxd3 Bb7 18. Bf4 Nd7 19. Rc1 Qb8 20. Nd4 Ne5 21. Bxe5 dxe5 22. Nc6 Qd6 23. Na5 Bc8 24. Be2 Qb6 25. b4 Bh4 26. Rc5 Rd8 27. Qb3 Be6 28. Qc3 Rac8 29. Rc1 Be7 30. Rc6 Qd4 31. Qxd4 exd4 32. Rxc8 Rxc8 33. Rxc8+ Bxc8 34. Nc6 Bf8 35. Nxd4 g5 36. Nb3 Bg7 37. Nc5 Bd4 38. Bg4 Bxg4 39. hxg4 Bb2 40. Nxa6 Bxa3 41. Kf1 Kg7 42. Ke2 Kf6 43. Kd3 Ke5 44. g3 Bb2 45. Nc7 Ba3 46. Nd5 Bb2 47. f3 Kd6 48. f4 h6 49. Ne3 Ba3 50. Nf5+ Ke6 51. Nd4+ Kf6 52. e5+ Kg7 53. Kc3 gxf4 54. gxf4 Bc1 55. f5 Bf4 56. e6 Kf6 57. exf7 Kxf7 58. Nxb5 Kf6 59. Nd4 Be5 60. Kd3 Bd6 61. b5 Kg5 62. Ke4 Kxg4 1-0

[Event "XIX Najdorf Memorial 2019"]
[Site "Warsaw"]
[Date "2019.07.08"]
[Round "3.31"]
[White "Bednarek, Sylwester"]
[Black "Milikow, Elie"]
[Result "1-0"]
[ECO "A45"]
[WhiteElo "2291"]
[BlackElo "2129"]
[Annotator "NA"]
[PlyCount "77"]
[EventDate "2019.07.06"]
[EventType "swiss"]
[EventCountry "POL"]
[SourceTitle "playchess.com"]
[Source "ChessBase"]
[SourceQuality "1"]
[TimeControl "40/5400+30:1800+30"]

1. d4 Nf6 2. Bg5 d5 3. Bxf6 gxf6 4. c4 dxc4 5. e3 c5 6. d5 Nd7 7. Bxc4 Rg8 8. g3 Nb6 9. Bb5+ Bd7 10. Be2 Qc7 11. Nc3 O-O-O 12. Qc2 f5 13. Nh3 Bg7 14. Nf4 Kb8 15. a4 Nc8 16. O-O Bh6 17. Kh1 Qd6 18. Bf3 e5 19. dxe6 Bc6 20. Qe2 fxe6 21. Rfd1 Bxf3+ 22. Qxf3 Qe7 23. a5 a6 24. Na4 c4 25. Rac1 Rxd1+ 26. Rxd1 Qb4 27. Nc3 Qe7 28. e4 Bxf4 29. Qxf4+ e5 30. Qd2 f4 31. Qd5 Qg7 32. Qe6 Qg5 33. h4 Qg4 34. Qxe5+ Ka8 35. Qxf4 Qg7 36. Rd5 Ne7 37. Rd7 Rb8 38. Nd5 Nxd5 39. Qxb8+ 1-0

[Event "XIX Najdorf Memorial 2019"]
[Site "Warsaw"]
[Date "2019.07.08"]
[Round "3.32"]
[White "Czopor, Maciej"]
[Black "Parol, Pola"]
[Result "1-0"]
[ECO "B90"]
[WhiteElo "2250"]
[BlackElo "2064"]
[Annotator "NA"]
[PlyCount "139"]
[EventDate "2019.07.06"]
[EventType "swiss"]
[EventCountry "POL"]
[SourceTitle "playchess.com"]
[Source "ChessBase"]
[SourceQuality "1"]
[TimeControl "40/5400+30:1800+30"]

1. e4 c5 2. Nf3 d6 3. d4 cxd4 4. Nxd4 Nf6 5. Nc3 a6 6. Be3 e5 7. Nb3 Be6 8. Qd2 Be7 9. f4 Ng4 10. f5 Bxb3 11. axb3 Nxe3 12. Qxe3 Nd7 13. Bc4 Bg5 14. Qe2 Rc8 15. Bd5 Rc7 16. O-O O-O 17. Rfd1 Qc8 18. Rd3 Nf6 19. Rad1 b5 20. b4 Nxd5 21. Rxd5 Rc4 22. R1d3 Rxb4 23. b3 Rd4 24. R5xd4 exd4 25. Nd5 Re8 26. Rg3 h6 27. Qd3 Kh8 28. Kf1 Re5 29. Rg4 g6 30. Rxg5 hxg5 31. Qh3+ Kg8 32. Nf6+ Kg7 33. Ng4 Qh8 34. f6+ Kg8 35. Nh6+ Kf8 36. Qd7 Qxh6 37. Qxd6+ Kg8 38. Qxe5 Qf8 39. Qxd4 Qb8 40. e5 Qc8 41. Qe4 Kh7 42. Qd3 g4 43. h3 Qe6 44. Qe3 Qf5+ 45. Kg1 Qxc2 46. e6 Qd1+ 47. Kf2 g3+ 48. Kxg3 Qd6+ 49. Kg4 Qd1+ 50. Kg3 Qd6+ 51. Kh4 Qxe6 52. Qxe6 fxe6 53. b4 e5 54. g4 Kg8 55. g5 Kf7 56. Kg3 Ke6 57. Kf3 a5 58. bxa5 b4 59. a6 b3 60. a7 b2 61. a8=Q b1=Q 62. Qc8+ Kd6 63. Qa6+ Kd5 64. f7 e4+ 65. Kf2 Qc2+ 66. Qe2 Qc5+ 67. Kg2 Qe7 68. Qb5+ Ke6 69. Qe8 e3 70. f8=Q 1-0

[Event "XIX Najdorf Memorial 2019"]
[Site "Warsaw"]
[Date "2019.07.09"]
[Round "4.1"]
[White "Miroshnichenko, Pavel"]
[Black "Kanarek, Marcel"]
[Result "1/2-1/2"]
[ECO "E73"]
[WhiteElo "2300"]
[BlackElo "2493"]
[Annotator "ChessBase"]
[PlyCount "64"]
[EventDate "2019.07.06"]
[EventType "swiss"]
[EventCountry "POL"]
[SourceTitle "playchess.com"]
[Source "ChessBase"]
[SourceQuality "1"]
[TimeControl "40/5400+30:1800+30"]

1. d4 Nf6 2. c4 g6 3. Nc3 Bg7 4. e4 d6 5. Be2 O-O 6. Be3 c5 7. d5 e6 8. Nf3 exd5 9. cxd5 Bg4 10. Nd2 Bxe2 11. Qxe2 Re8 12. O-O Na6 13. Rab1 Qd7 14. h3 Rab8 15. a3 b5 16. Rfc1 Nxe4 17. Ndxe4 f5 18. Nxb5 fxe4 19. Nc3 Nc7 20. Qc4 Qf5 21. b4 Bxc3 22. Rxc3 Qxd5 23. Rd1 Qxc4 24. Rxc4 Nb5 25. bxc5 Nxa3 26. Rcc1 dxc5 27. Rxc5 Rb7 28. Ra1 Nb5 29. Ra5 Nd6 30. Rc6 Nb5 31. Rc5 Nd6 32. Rc6 Nb5 1/2-1/2

[Event "XIX Najdorf Memorial 2019"]
[Site "Warsaw"]
[Date "2019.07.09"]
[Round "4.2"]
[White "Popovic, Dusan"]
[Black "Punin, Andrii"]
[Result "1-0"]
[ECO "D02"]
[WhiteElo "2487"]
[BlackElo "2305"]
[Annotator "ChessBase"]
[PlyCount "89"]
[EventDate "2019.07.06"]
[EventType "swiss"]
[EventCountry "POL"]
[SourceTitle "playchess.com"]
[Source "ChessBase"]
[SourceQuality "1"]
[TimeControl "40/5400+30:1800+30"]

1. d4 Nf6 2. Nf3 d5 3. Bf4 c5 4. e3 Nc6 5. Nbd2 cxd4 6. exd4 Bf5 7. Bb5 a6 8. Bxc6+ bxc6 9. O-O e6 10. Ne5 Nd7 11. c4 Nxe5 12. Bxe5 f6 13. Bg3 Bb4 14. c5 Bxd2 15. Qxd2 O-O 16. b4 Rf7 17. a4 Rb7 18. Ra2 Qe8 19. Rc1 h6 20. Rb2 Rba7 21. h3 Rc8 22. Rb3 Kh7 23. Re1 Rb7 24. Qe2 Ra8 25. Bd6 Qg6 26. Rg3 Qf7 27. Qd2 h5 28. Rb3 Qe8 29. Qe2 Qg6 30. Kh2 Be4 31. Rg1 Bc2 32. Rg3 Qf5 33. Rf3 Qg6 34. Rg3 Qf5 35. Rf3 Qg6 36. g4 h4 37. Rf4 Rxb4 38. g5 fxg5 39. Rfg4 Qd3 40. Qxe6 Qf5 41. Qe7 Rb3 42. Be5 Rg8 43. Rxh4+ Kg6 44. Rxg5+ Qxg5 45. Qe6+ 1-0

[Event "XIX Najdorf Memorial 2019"]
[Site "Warsaw"]
[Date "2019.07.09"]
[Round "4.2"]
[White "Socko, Monika"]
[Black "Shevchenko, Kirill"]
[Result "0-1"]
[ECO "A62"]
[WhiteElo "2443"]
[BlackElo "2536"]
[Annotator "ChessBase"]
[PlyCount "82"]
[EventDate "2019.07.06"]
[EventType "swiss"]
[EventCountry "POL"]
[SourceTitle "playchess.com"]
[Source "ChessBase"]
[SourceQuality "1"]
[TimeControl "40/5400+30:1800+30"]

1. d4 Nf6 2. c4 e6 3. g3 c5 4. d5 exd5 5. cxd5 d6 6. Nc3 g6 7. Bg2 Bg7 8. Nf3 O-O 9. O-O Re8 10. Re1 Nbd7 11. e4 a6 12. a4 Ng4 13. h3 Nge5 14. Nxe5 Nxe5 15. f4 Nc4 16. Qd3 Na5 17. Be3 Qb6 18. Rab1 Qb4 19. Bf2 Bd7 20. Kh2 Rad8 21. Re2 Nb3 22. Be1 Nd4 23. Rf2 Qb3 24. Qd1 f5 25. Qxb3 Nxb3 26. Re2 fxe4 27. Bxe4 b5 28. axb5 axb5 29. Nd1 Bf5 30. Nf2 Nd4 31. Re3 Re7 32. g4 Bxe4 33. Rxe4 Rxe4 34. Nxe4 Re8 35. Nxd6 Rxe1 36. Rxe1 Nf3+ 37. Kg3 Nxe1 38. b3 b4 39. Nb7 c4 40. d6 cxb3 41. g5 Bf8 0-1

[Event "XIX Najdorf Memorial 2019"]
[Site "Warsaw"]
[Date "2019.07.09"]
[Round "4.3"]
[White "Dragun, Kamil"]
[Black "Goluch, Piotr"]
[Result "1-0"]
[ECO "A20"]
[WhiteElo "2604"]
[BlackElo "2386"]
[Annotator "RC"]
[PlyCount "73"]
[EventDate "2019.07.06"]
[EventType "swiss"]
[EventCountry "POL"]
[SourceTitle "playchess.com"]
[Source "ChessBase"]
[SourceQuality "1"]
[TimeControl "40/5400+30:1800+30"]

1. c4 e5 2. g3 Nf6 3. Bg2 d5 4. cxd5 Nxd5 5. Nc3 Nb6 6. Nf3 Nc6 7. a3 Be6 8. b4 Be7 9. Rb1 f6 10. O-O O-O 11. b5 Nd4 12. e3 Nxf3+ 13. Bxf3 Rb8 14. d4 exd4 15. exd4 Bf7 16. a4 Nd5 17. Nxd5 Bxd5 18. Bf4 Rc8 19. Re1 Rf7 20. Bh5 g6 21. Bg4 Ra8 22. h4 Bd6 23. Qd2 Bxf4 24. Qxf4 g5 25. hxg5 fxg5 26. Qd2 Kh8 27. Re5 Rg7 28. Rbe1 c6 29. Be6 Bxe6 30. Rxe6 Qd7 31. R1e5 Rd8 32. Qe3 Rdg8 33. Qe4 cxb5 34. axb5 Qc7 35. Re7 Qd6 36. d5 a5 37. Rxg7 1-0

[Event "XIX Najdorf Memorial 2019"]
[Site "Warsaw"]
[Date "2019.07.09"]
[Round "4.3"]
[White "Pacan-Milej, Kosma"]
[Black "Barski, Radoslaw"]
[Result "1/2-1/2"]
[ECO "E73"]
[WhiteElo "2272"]
[BlackElo "2468"]
[Annotator "ChessBase"]
[PlyCount "139"]
[EventDate "2019.07.06"]
[EventType "swiss"]
[EventCountry "POL"]
[SourceTitle "playchess.com"]
[Source "ChessBase"]
[SourceQuality "1"]
[TimeControl "40/5400+30:1800+30"]

1. d4 Nf6 2. c4 g6 3. Nc3 Bg7 4. e4 d6 5. Be2 O-O 6. Be3 e5 7. d5 a5 8. g4 Na6 9. h4 Nc5 10. f3 h5 11. g5 Nh7 12. Qd2 f6 13. gxf6 Rxf6 14. O-O-O a4 15. Nh3 Bxh3 16. Rxh3 a3 17. b3 Rf4 18. Rg3 Nf8 19. Bxf4 Qxh4 20. Be3 Qxg3 21. Nb5 Na6 22. Nxa3 Qh2 23. Nb5 Kh7 24. a3 Nd7 25. b4 Bf6 26. Kb1 Rf8 27. Rc1 Be7 28. Rc2 h4 29. c5 Nf6 30. c6 bxc6 31. Rxc6 Qg2 32. Nxc7 Nxc7 33. Rxc7 h3 34. Ba6 Qxd2 35. Bxd2 h2 36. Rc1 Nh5 37. Rh1 Rxf3 38. Rxh2 Rxa3 39. Be2 Bd8 40. Bxh5 gxh5 41. Rxh5+ Kg7 42. Rh6 Rd3 43. Rxd6 Rxd2 44. Rxd8 Rd4 45. Kc2 Rxe4 46. Kc3 Kf6 47. b5 Ke7 48. Rh8 Kd6 49. b6 Re3+ 50. Kc4 Re4+ 51. Kb5 Re1 52. Rd8+ Ke7 53. Rh8 Kd6 54. Rd8+ Ke7 55. Rc8 Kd6 56. Rc4 Rb1+ 57. Rb4 Rh1 58. Kc4 Rh4+ 59. Kb3 Rh8 60. Rb5 Rc8 61. b7 Rb8 62. Kc4 Kc7 63. Rc5+ Kxb7 64. d6 Rc8 65. Rxc8 Kxc8 66. Kd5 Kd7 67. Kxe5 Kd8 68. Ke6 Ke8 69. d7+ Kd8 70. Kd6 1/2-1/2

[Event "XIX Najdorf Memorial 2019"]
[Site "Warsaw"]
[Date "2019.07.09"]
[Round "4.4"]
[White "Gagare, Shardul"]
[Black "Tomczak, Jacek"]
[Result "1/2-1/2"]
[ECO "B52"]
[WhiteElo "2476"]
[BlackElo "2623"]
[Annotator "RC"]
[PlyCount "31"]
[EventDate "2019.07.06"]
[EventType "swiss"]
[EventCountry "POL"]
[SourceTitle "playchess.com"]
[Source "ChessBase"]
[SourceQuality "1"]
[TimeControl "40/5400+30:1800+30"]

1. e4 c5 2. Nf3 d6 3. Bb5+ Bd7 4. Bxd7+ Qxd7 5. c4 Nc6 6. d4 cxd4 7. Nxd4 g6 8. b3 Bg7 9. Bb2 Nf6 10. Nc3 Qg4 11. Qxg4 Nxg4 12. Nxc6 bxc6 13. h3 Ne5 14. O-O-O Nd7 15. Na4 Bxb2+ 16. Kxb2 1/2-1/2

[Event "XIX Najdorf Memorial 2019"]
[Site "Warsaw"]
[Date "2019.07.09"]
[Round "4.4"]
[White "Abdumalik, Zhansaya"]
[Black "Piotrowski, Przemyslaw"]
[Result "1-0"]
[ECO "B91"]
[WhiteElo "2458"]
[BlackElo "2273"]
[Annotator "ChessBase"]
[PlyCount "67"]
[EventDate "2019.07.06"]
[EventType "swiss"]
[EventCountry "POL"]
[SourceTitle "playchess.com"]
[Source "ChessBase"]
[SourceQuality "1"]
[TimeControl "40/5400+30:1800+30"]

1. e4 c5 2. Nf3 d6 3. d4 cxd4 4. Nxd4 Nf6 5. Nc3 a6 6. g3 e5 7. Nb3 Be6 8. Bg2 b5 9. O-O Be7 10. a4 b4 11. Nd5 Bxd5 12. exd5 O-O 13. a5 Nbd7 14. Ra4 Rb8 15. Bd2 Nc5 16. Rxb4 Rxb4 17. Bxb4 Nxb3 18. cxb3 Qb8 19. Bc3 Ne8 20. Re1 f5 21. Bf1 Nc7 22. Bc4 Bf6 23. Qe2 Qb7 24. Ra1 Kh8 25. Qf3 Qa7 26. Qe3 Qa8 27. Rd1 Rb8 28. f4 Re8 29. Qb6 Qd8 30. Bb4 exf4 31. Bxd6 fxg3 32. Qxc7 Bd4+ 33. Rxd4 gxh2+ 34. Bxh2 1-0

[Event "XIX Najdorf Memorial 2019"]
[Site "Warsaw"]
[Date "2019.07.09"]
[Round "4.5"]
[White "Sedlak, Nikola"]
[Black "Galperin, Platon"]
[Result "1/2-1/2"]
[ECO "D04"]
[WhiteElo "2586"]
[BlackElo "2445"]
[Annotator "ChessBase"]
[PlyCount "70"]
[EventDate "2019.07.06"]
[EventType "swiss"]
[EventCountry "POL"]
[SourceTitle "playchess.com"]
[Source "ChessBase"]
[SourceQuality "1"]
[TimeControl "40/5400+30:1800+30"]

1. d4 Nf6 2. Nf3 d5 3. e3 c5 4. Nbd2 Nc6 5. Bb5 e6 6. c4 cxd4 7. exd4 Bd7 8. O-O Be7 9. b3 a6 10. Bxc6 Bxc6 11. Ne5 Qc7 12. Bb2 dxc4 13. bxc4 O-O 14. Rc1 b6 15. Nxc6 Qxc6 16. Re1 Rfe8 17. Nf3 Rad8 18. a4 Qb7 19. Qb3 Rb8 20. Bc3 b5 21. axb5 axb5 22. Rb1 b4 23. Bb2 Rec8 24. h3 Qc7 25. Rbc1 Ra8 26. Ne5 Nd7 27. Nd3 Nb6 28. Rc2 Rab8 29. Bc1 Bd6 30. Bd2 Nxc4 31. Rec1 Nxd2 32. Rxc7 Rxc7 33. Qd1 Nc4 34. Rb1 h6 35. Qa4 Nd2 1/2-1/2

[Event "XIX Najdorf Memorial 2019"]
[Site "Warsaw"]
[Date "2019.07.09"]
[Round "4.5"]
[White "Siekanski, Janusz"]
[Black "Nguyen, Piotr"]
[Result "0-1"]
[ECO "E91"]
[WhiteElo "2270"]
[BlackElo "2420"]
[Annotator "NA"]
[PlyCount "105"]
[EventDate "2019.07.06"]
[EventType "swiss"]
[EventCountry "POL"]
[SourceTitle "playchess.com"]
[Source "ChessBase"]
[SourceQuality "1"]
[TimeControl "40/5400+30:1800+30"]

1. d4 Nf6 2. c4 g6 3. Nc3 Bg7 4. e4 d6 5. Nf3 O-O 6. Be2 Bg4 7. Be3 Nfd7 8. Rc1 a6 9. h3 Bxf3 10. Bxf3 c5 11. d5 b5 12. b3 Qa5 13. Qd2 bxc4 14. bxc4 Nb6 15. Nb1 Qxd2+ 16. Nxd2 N8d7 17. Bd1 Rfb8 18. Ke2 a5 19. f4 a4 20. Rb1 a3 21. Rb5 Na4 22. Bxa4 Rxa4 23. Rhb1 Bb2 24. Rxb8+ Nxb8 25. e5 Na6 26. exd6 exd6 27. Ne4 Rxc4 28. Nxd6 Rc2+ 29. Kd1 Rxg2 30. Nc4 f5 31. d6 Kf7 32. Nxa3 Bxa3 33. Rb6 Rg3 34. Ke2 Nb4 35. Bxc5 Ke6 36. Bxb4 Bxb4 37. Rxb4 Kxd6 38. h4 Rh3 39. a4 Rxh4 40. a5 Kc5 41. Ra4 Rh2+ 42. Kf3 Rh3+ 43. Kg2 Re3 44. a6 Re8 45. Ra1 Kb6 46. Kg3 Ra8 47. Rh1 h5 48. Re1 Rxa6 49. Re5 Kc7 50. Kh4 Ra1 51. Kg5 Rg1+ 52. Kf6 Kd6 53. Re8 {[%emt 0:09:15] Ke5+} 0-1

[Event "XIX Najdorf Memorial 2019"]
[Site "Warsaw"]
[Date "2019.07.09"]
[Round "4.6"]
[White "Harsha Bharathakoti"]
[Black "Yuffa, Daniil"]
[Result "0-1"]
[ECO "B68"]
[WhiteElo "2486"]
[BlackElo "2582"]
[Annotator "ChessBase"]
[PlyCount "68"]
[EventDate "2019.07.06"]
[EventType "swiss"]
[EventCountry "POL"]
[SourceTitle "playchess.com"]
[Source "ChessBase"]
[SourceQuality "1"]
[TimeControl "40/5400+30:1800+30"]

1. e4 c5 2. Nf3 d6 3. d4 cxd4 4. Nxd4 Nf6 5. Nc3 Nc6 6. Bg5 e6 7. Qd2 a6 8. O-O-O Bd7 9. f4 Be7 10. Nf3 b5 11. e5 b4 12. exf6 bxc3 13. Qxc3 gxf6 14. Bh4 a5 15. Nd4 Nb4 16. Kb1 Rb8 17. Qd2 Qb6 18. Bf2 Qb7 19. Be2 e5 20. Bf3 d5 21. fxe5 fxe5 22. Rhe1 Nc6 23. c3 Nxd4 24. cxd4 e4 25. Bh5 Bf5 26. Ka1 Qb4 27. Be3 Bg6 28. Be2 Qa4 29. Rf1 Bb4 30. Qc1 O-O 31. Bh6 Rfc8 32. Qe3 Rc2 33. Qf4 Qe8 34. Rf2 Bd2 0-1

[Event "XIX Najdorf Memorial 2019"]
[Site "Warsaw"]
[Date "2019.07.09"]
[Round "4.6"]
[White "Menezes, Christoph"]
[Black "Chomczyk, Marek"]
[Result "1-0"]
[ECO "E06"]
[WhiteElo "2413"]
[BlackElo "2270"]
[Annotator "NA"]
[PlyCount "77"]
[EventDate "2019.07.06"]
[EventType "swiss"]
[EventCountry "POL"]
[SourceTitle "playchess.com"]
[Source "ChessBase"]
[SourceQuality "1"]
[TimeControl "40/5400+30:1800+30"]

1. d4 Nf6 2. c4 e6 3. Nf3 d5 4. g3 Be7 5. Bg2 O-O 6. O-O dxc4 7. Qc2 a6 8. Qxc4 b5 9. Qc2 Bb7 10. Bd2 Be4 11. Qc1 Bb7 12. Bf4 Nd5 13. Rd1 Nxf4 14. Qxf4 c5 15. Nc3 cxd4 16. Nxd4 Qb6 17. Bxb7 Qxb7 18. Qe4 Ra7 19. Rac1 Qxe4 20. Nxe4 Rd7 21. e3 Rfd8 22. Rf1 g6 23. f4 Kg7 24. Rc2 Re8 25. Rfc1 Bf6 26. Nf3 Red8 27. g4 Rd1+ 28. Rxd1 Rxd1+ 29. Kf2 Nd7 30. Ke2 Rd5 31. g5 Bd8 32. Rc6 Bb6 33. Nf6 Rc5 34. Rd6 Rc2+ 35. Kd3 Rf2 36. Nxd7 Bc7 37. Rc6 Bxf4 38. exf4 Rxf3+ 39. Ke4 1-0

[Event "XIX Najdorf Memorial 2019"]
[Site "Warsaw"]
[Date "2019.07.09"]
[Round "4.7"]
[White "Fedorov, Alexei"]
[Black "Zylka, Stanislaw"]
[Result "1-0"]
[ECO "B10"]
[WhiteElo "2551"]
[BlackElo "2308"]
[Annotator "ChessBase"]
[PlyCount "93"]
[EventDate "2019.07.06"]
[EventType "swiss"]
[EventCountry "POL"]
[SourceTitle "playchess.com"]
[Source "ChessBase"]
[SourceQuality "1"]
[TimeControl "40/5400+30:1800+30"]

1. e4 c6 2. d3 d5 3. Nd2 e5 4. Ngf3 Bd6 5. g3 Nf6 6. Bg2 O-O 7. O-O Re8 8. b3 Nbd7 9. Bb2 a5 10. a3 Qc7 11. Nh4 Nc5 12. h3 Be6 13. Qf3 b5 14. Rfe1 Rac8 15. Nf5 Bf8 16. exd5 Bxd5 17. Nh6+ gxh6 18. Qxf6 Bg7 19. Qf5 a4 20. b4 Bxg2 21. Kxg2 Nb7 22. Ne4 c5 23. bxc5 Nxc5 24. Nf6+ Bxf6 25. Qxf6 Re6 26. Qf5 Rce8 27. Re2 b4 28. axb4 Qb7+ 29. Kh2 Qxb4 30. Ra2 e4 31. Qg4+ Rg6 32. Qf4 Rge6 33. Bf6 Rxf6 34. Qxf6 Re6 35. Qd8+ Kg7 36. Qd5 Qc3 37. dxe4 Qf3 38. c4 Rxe4 39. Rxe4 Nxe4 40. Qd4+ Kg6 41. Rxa4 Nxf2 42. Ra6+ f6 43. Qd5 Ne4 44. Qg8+ Kh5 45. Ra5+ f5 46. Rxf5+ Qxf5 47. g4+ 1-0

[Event "XIX Najdorf Memorial 2019"]
[Site "Warsaw"]
[Date "2019.07.09"]
[Round "4.7"]
[White "Sowul, Bartosz"]
[Black "Sieciechowicz, Marcin"]
[Result "0-1"]
[ECO "A05"]
[WhiteElo "2210"]
[BlackElo "2399"]
[Annotator "NA"]
[PlyCount "90"]
[EventDate "2019.07.06"]
[EventType "swiss"]
[EventCountry "POL"]
[SourceTitle "playchess.com"]
[Source "ChessBase"]
[SourceQuality "1"]
[TimeControl "40/5400+30:1800+30"]

1. Nf3 Nf6 2. c4 c6 3. g3 g6 4. b3 Bg7 5. Bb2 O-O 6. Bg2 d6 7. d4 e5 8. Nc3 e4 9. Nd2 d5 10. e3 Bg4 11. Qc2 Qd7 12. O-O Na6 13. f3 Nb4 14. Qb1 exf3 15. Nxf3 Bf5 16. Ne5 Qe6 17. e4 dxe4 18. Nxe4 Nxe4 19. Bxe4 Bxe4 20. Qxe4 f6 21. a3 Na6 22. Qg4 Qxg4 23. Nxg4 f5 24. Ne5 Bxe5 25. dxe5 Nc5 26. Rf3 Rad8 27. Re3 Kf7 28. a4 Rfe8 29. a5 Ke6 30. Rf1 Rd3 31. Rxd3 Nxd3 32. Bc3 Nc5 33. Bb4 Ne4 34. Rd1 Rc8 35. Bd6 Rd8 36. g4 fxg4 37. Re1 Nxd6 38. exd6+ Kxd6 39. b4 Rf8 40. Re4 h5 41. c5+ Kd5 42. Re7 Rb8 43. Kf2 Kc4 44. Re4+ Kb5 45. Kg3 Rf8 0-1

[Event "XIX Najdorf Memorial 2019"]
[Site "Warsaw"]
[Date "2019.07.09"]
[Round "4.8"]
[White "Grib, Roman"]
[Black "Noe, Christopher"]
[Result "0-1"]
[ECO "B40"]
[WhiteElo "2421"]
[BlackElo "2534"]
[Annotator "ChessBase"]
[PlyCount "130"]
[EventDate "2019.07.06"]
[EventType "swiss"]
[EventCountry "POL"]
[SourceTitle "playchess.com"]
[Source "ChessBase"]
[SourceQuality "1"]
[TimeControl "40/5400+30:1800+30"]

1. e4 c5 2. Nf3 e6 3. c4 Nc6 4. Nc3 Nd4 5. Nxd4 cxd4 6. Ne2 e5 7. Ng3 g6 8. Be2 h5 9. O-O Nf6 10. d3 Be7 11. f4 d6 12. Qe1 Bd7 13. Bd2 a5 14. Qf2 Rh7 15. h3 Ra6 16. b4 axb4 17. Bxb4 Bc8 18. Bd1 Nd7 19. Bb3 Nc5 20. Qc2 Qb6 21. Bxc5 dxc5 22. Ba4+ Kf8 23. f5 Kg8 24. fxg6 fxg6 25. Bb5 Ra8 26. Rf3 Be6 27. a4 Bg5 28. Raf1 Rf7 29. Rxf7 Bxf7 30. Kh1 Be6 31. Qf2 Qc7 32. Ne2 Qg7 33. Qg3 Be3 34. Ng1 g5 35. Qf3 g4 36. Qf6 Qf7 37. Qxf7+ Bxf7 38. Ne2 gxh3 39. gxh3 Be6 40. Kh2 Kg7 41. h4 Rg8 42. a5 Bg4 43. Ng1 Bf4+ 44. Kh1 Ra8 45. Ra1 Bg3 46. Kg2 Bxh4 47. Nf3 Bxf3+ 48. Kxf3 Rf8+ 49. Kg2 Rf2+ 50. Kg1 Rb2 51. Be8 Bf2+ 52. Kg2 Kh6 53. a6 bxa6 54. Rxa6+ Kg5 55. Rc6 Be1+ 56. Kh3 h4 57. Rg6+ Kf4 58. Rf6+ Ke3 59. Rc6 Kxd3 60. Rxc5 Kxe4 61. Kg4 Rg2+ 62. Kh3 Rg3+ 63. Kh2 d3 64. Rd5 d2 65. Bc6 Rd3 0-1

[Event "XIX Najdorf Memorial 2019"]
[Site "Warsaw"]
[Date "2019.07.09"]
[Round "4.8"]
[White "Roseneck, Jonas"]
[Black "AlHuwar, Jasem"]
[Result "1/2-1/2"]
[ECO "C10"]
[WhiteElo "2398"]
[BlackElo "2255"]
[Annotator "NA"]
[PlyCount "77"]
[EventDate "2019.07.06"]
[EventType "swiss"]
[EventCountry "POL"]
[SourceTitle "playchess.com"]
[Source "ChessBase"]
[SourceQuality "1"]
[TimeControl "40/5400+30:1800+30"]

1. e4 e6 2. d4 d5 3. Nd2 dxe4 4. Nxe4 Nd7 5. Nf3 Ngf6 6. Nxf6+ Nxf6 7. g3 c5 8. Bg2 cxd4 9. Qxd4 Qxd4 10. Nxd4 a6 11. Bd2 Be7 12. O-O O-O 13. c4 Rd8 14. Nb3 e5 15. Ba5 Re8 16. Rfe1 e4 17. Nd2 Bf5 18. Nxe4 Nxe4 19. Bxe4 Bb4 20. Bxf5 Bxa5 21. Rxe8+ Rxe8 22. Kf1 g6 23. Bh3 Rd8 24. a3 Bc7 25. b4 b6 26. Re1 Kf8 27. Re3 Rd4 28. Bc8 a5 29. bxa5 bxa5 30. Ba6 Bd6 31. Ke2 Kg7 32. a4 Kf6 33. Rc3 Bb4 34. Rc2 Bc5 35. Bb7 Rd6 36. Rb2 Rb6 37. Rb5 Rxb5 38. cxb5 Ke5 39. Bc6 1/2-1/2